 Dungeon Crawl Stone Soup version 0.31-a0-1458-g2f8d4710b4 (webtiles) character file.

Game seed: 5102287511619660576

22355 Bnni the Earth Mage (level 13, -3/103 HPs)
             Began as a Formicid Earth Elementalist on Dec 26, 2023.
             Was a Believer of Cheibriados.
             Slain by a death yak (20 damage)
             ... on level 12 of the Dungeon on Dec 28, 2023.
             The game lasted 00:44:37 (14001 turns).

Bnni the Earth Mage (Formicid Earth Elementalist)  Turns: 14001, Time: 00:44:37

Health: -3/103     AC: 14    Str: 16    XL:     13   Next: 26%
Magic:  0/20       EV:  8    Int: 25    God:    Cheibriados [**....]
Gold:   390        SH: 14    Dex: 18    Spells: 2/22 levels left

rFire   + . .        K - +2 dagger (venom)
rCold   . . .        r - +2 kite shield
rNeg    . . .        G - +0 fire dragon scales
rPois   +            (helmet unavailable)
rElec   .            v - +1 cloak
rCorr   .            (no gloves)
SInv    +            y - +0 pair of boots
Will    +....        (no amulet)
Stlth   +            l - ring of poison resistance
HPRegen 0.37/turn    n - ring of ice
MPRegen 0.17/turn

%: no passive effects
@: very slow
A: permanent stasis, dig shafts and tunnels, antennae 3, four strong arms
a: Dig, Shaft Self, Renounce Religion, Bend Time


You were on level 12 of the Dungeon.
You worshipped Cheibriados.
Cheibriados was pleased with you.
You visited 2 branches of the dungeon, and saw 13 of its levels.

You collected 1034 gold pieces.
You spent 644 gold pieces at shops.

Inventory:

Hand Weapons
 K - a +2 dagger of venom (weapon)
Missiles
 M - 4 curare-tipped darts
Armour
 o - a +1 leather armour of cold resistance
 r - a +2 kite shield (worn)
 v - a +1 cloak (worn)
 y - a +0 pair of boots (worn)
 E - a +0 plate armour
 G - +0 fire dragon scales (worn)
Jewellery
 b - a ring of wizardry
 g - a ring of ice
 l - a ring of poison resistance (left hand)
 n - a ring of ice (right hand)
 x - a ring of flight
Wands
 a - a wand of mindburst (5)
 p - a wand of flame (35)
 z - a wand of paralysis (8)
 F - a wand of polymorph (6)
 I - a wand of light (4)
Scrolls
 c - 3 scrolls of poison {unknown}
 d - 3 scrolls of enchant armour {unknown}
 e - 3 scrolls of torment {unknown}
 h - 2 scrolls of brand weapon {unknown}
 j - 2 scrolls of summoning {unknown}
 m - 6 scrolls of amnesia {unknown}
 u - a scroll of enchant weapon {unknown}
 C - a scroll of acquirement {unknown}
 D - 3 scrolls of fog
Potions
 f - 4 potions of brilliance
 i - a potion of resistance
 k - 3 potions of curing
 q - a potion of mutation {unknown}
 A - a potion of might
 B - a potion of lignification
 H - a potion of enlightenment
 L - a potion of heal wounds {unknown}


   Skills:
 + Level 10.0 Fighting
 + Level 8.3 Armour
 - Level 1.7 Dodging
 - Level 2.4 Stealth
 - Level 10.0 Shields
 - Level 5.0 Spellcasting
 - Level 5.0 Conjurations
 + Level 15.2 Earth Magic
 - Level 2.0 Alchemy
 * Level 8.2 Invocations


You had 2 spell levels left.
You knew the following spells:

 Your Spells              Type           Power      Damage    Failure   Level
a - Sandblast             Erth           100%       2d20      1%          1
b - Passwall              Erth           70%        N/A       1%          3
c - Stone Arrow           Conj/Erth      100%       3d13      3%          3
d - Brom's Barrelling Bo  Conj/Erth      54%        2d7       11%         4
e - Lee's Rapid Deconstr  Erth           35%        3d18*     3%          5
p - Petrify               Alch/Erth      49%        N/A       19%         4

Your spell library contained the following spells:

 Spells                   Type           Power      Damage    Failure   Level
 Necrotise                Necr           24%        1d5       54%         1
 Summon Small Mammal      Summ           24%        N/A       54%         1
 Dazzling Flash           Conj/Hex       36%        N/A       56%         3
 Mephitic Cloud           Conj/Alch/Air  17%        N/A       61%         3
 Call Canine Familiar     Summ           6%         N/A       89%         3
 Inner Flame              Hex/Fire       6%         N/A       89%         3
 Tukima's Dance           Hex            6%         N/A       89%         3
 Vampiric Draining        Necr           6%         2d6       89%         3
 Iskenderun's Mystic Bla  Conj/Tloc      18%        2d6       93%         4
 Anguish                  Hex/Necr       3%         N/A       100%        4
 Cause Fear               Hex            3%         N/A       100%        4
 Dimensional Bullseye     Hex/Tloc       3%         N/A       100%        4
 Summon Blazeheart Golem  Fire/Summ      6%         N/A       100%        4
 Curse of Agony           Necr           6%         N/A       100%        5
 Fireball                 Conj/Fire      9%         3d6       100%        5
 Silence                  Hex/Air        3%         N/A       100%        5
 Enfeeble                 Hex            3%         N/A       100%        7
 Dragon's Call            Summ           3%         N/A       100%        9


Dungeon Overview and Level Annotations

Branches:
Dungeon (12/15)            Temple (1/1) D:4            Lair (0/5) D:11
    Orc (0/2) D:12

Altars:
Ashenzari
Cheibriados
Dithmenos
Elyvilon
Fedhas
Gozag
Hepliaklqana
Kikubaaqudgha
Makhleb
Nemelex Xobeh
Okawaru
Qazlal
Ru
Sif Muna
Trog
Uskayaw
Vehumet
Wu Jian
Xom
Yredelemnul
Zin
The Shining One

Shops:
D:9 [::=   D:10 *   D:12 (

Portals:
Trove: D:11 (give +2 gold dragon scales)

Annotations:
D:10 2 transporters, Bizboz's ghost, journeyman DjAl
Temple 2 transporters


Innate Abilities, Weirdness & Mutations

You cannot be hasted, slowed, berserked, paralysed or teleported.
You can dig through walls and to a lower floor.
You have a pair of large antennae on your head. (SInv)
Your four strong arms can wield two-handed weapons with a shield.


Message History

The death yak gores you!
* * * LOW HITPOINT WARNING * * *
Unknown command.
Casting: Stone Arrow (mildly dangerous; 3% risk of failure)
Confirm with . or Enter, or press ? or * to list all spells.
Aiming: Stone Arrow (mildly dangerous; 3% risk of failure)
Press: ? - help, Shift-Dir - straight line, f/p - death yak
Aim: a death yak (moderately wounded, 92% to hit)
The stone arrow hits the death yak!
The death yak is heavily wounded.
The death yak gores you.
* * * LOW HITPOINT WARNING * * *
Casting: Stone Arrow (mildly dangerous; 3% risk of failure)
Confirm with . or Enter, or press ? or * to list all spells.
Aiming: Stone Arrow (mildly dangerous; 3% risk of failure)
Press: ? - help, Shift-Dir - straight line, f/p - death yak
Aim: a death yak (heavily wounded, 92% to hit)
The stone arrow hits the death yak!!
The death yak is severely wounded.
You block the death yak's attack.
Unknown command.
Casting: Stone Arrow (mildly dangerous; 3% risk of failure)
Confirm with . or Enter, or press ? or * to list all spells.
Aiming: Stone Arrow (mildly dangerous; 3% risk of failure)
Press: ? - help, Shift-Dir - straight line, f/p - death yak
Aim: a death yak (severely wounded, 92% to hit)
The stone arrow hits the death yak!
The death yak is almost dead.
The death yak gores you!
* * * LOW HITPOINT WARNING * * *
You feel better. You block the death yak's attack.
Okay, then.
You hit the death yak.
The death yak is poisoned.
The death yak is almost dead.
The death yak gores you but does no damage.
You hit the death yak but do no damage.
The death yak looks as sick as possible!
The death yak is almost dead.
The death yak gores you!!
You die...

,,,,~**+*~~,,,,* #.# #.#
,,,,~~~.≈≈≈....#
#.########.#
,,,,,,,$.......#
#.[......#.#
,,,,~~~,≈≈≈....#
########.#.#
,,,,~~*+*#≈....##*### #.#.#
,,,,~~*{{#≈.....,,..# #<..#
,,,,~~*{{#≈....#**#.# #^.##
,,,,~~*,{#≈....####.# #..#
,,,,~~####≈....Y@...# #..#
....≈≈≈≈≈≈≈....###..#####..#
....≈≈≈≈≈≈≈....# #..#..##..#
....≈≈≈≈≈≈≈....###..#..##..#
....≈≈≈≈≈≈≈................#
....≈≈≈≈≈≈≈.....#.###...#<##
.....≈≈≈≈≈≈.......# #.....#
.....≈≈≈≈≈≈.....#.###...###
# #****~≈≈≈≈≈####........##
#


You could see a death yak (extremely poisoned).

Vanquished Creatures
  A fire dragon (D:12)
  Fannar (D:11)
  2 boulder beetles
  4 two-headed ogres
  The ghost of leebro123 the Changeling, a journeyman OpSh of Uskayaw (D:9)
  2 death yaks
  Sonja (D:11)
  Lodul (D:12)
  2 ugly things
  2 cyclopes
  A manticore (D:11)
  4 molten gargoyles (D:10)
  7 kobold demonologists
  A troll (D:9)
  A hornet (D:9)
  Sigmund (D:3)
  8 slime creatures
  A shadow (D:10)
  2 vampires (D:12)
  A wyvern (D:9)
  14 yaks
  2 steam dragons
  2 water moccasins
  An acid dragon (D:11)
  3 orc warriors
  4 sky beasts
  An ice beast (D:6)
  8 ogres
  A centaur (D:11)
  4 kobold brigands
  2 bullfrogs (D:7)
  A gnoll sergeant (D:10)
  5 scorpions
  17 wights
  5 killer bees (D:10)
  4 howler monkeys
  A bombardier beetle (D:4)
  A gnoll bouda (D:5)
  A hound (D:4)
  4 jellies
  6 orc priests
  3 iguanas
  Natasha (thrice) (D:3)
  4 orc wizards
  2 sleepcaps
  8 adders
  7 gnolls
  A white imp (D:7)
  6 ufetubi
  2 worms (D:2)
  A dart slug (D:1)
  28 orcs
  7 endoplasms
  7 giant cockroaches
  12 goblins
  5 hobgoblins
  2 jackals (D:2)
  26 kobolds
  4 quokkas
  8 ball pythons
  6 bats (D:1)
  6 frilled lizards
  7 rats
286 creatures vanquished.

Vanquished Creatures (collateral kills)
  An orc (D:12)
  6 boulders
7 creatures vanquished.

Vanquished Creatures (others)
  3 boulders (D:10)
3 creatures vanquished.

Grand Total: 296 creatures vanquished

Notes
Turn   | Place    | Note
-------+----------+-------------------------------------------
     0 | D:1      | Bnni the Formicid Earth Elementalist began the quest for
                  | the Orb.
     0 | D:1      | Reached XP level 1. HP: 13/13 MP: 3/3
   195 | D:1      | Reached XP level 2. HP: 20/20 MP: 1/5
   278 | D:1      | Found a faded altar of an unknown god.
   280 | D:1      | Reached skill level 4 in Earth Magic
   352 | D:1      | Reached XP level 3. HP: 22/25 MP: 1/6
   357 | D:1      | Learned a level 3 spell: Passwall
   361 | D:1      | Learned a level 3 spell: Stone Arrow
   417 | D:1      | Reached skill level 1 in Fighting
  1092 | D:2      | Reached XP level 4. HP: 19/32 MP: 2/8
  1212 | D:2      | Noticed a scorpion
  1218 | D:2      | Killed a scorpion
  1219 | D:2      | Reached skill level 1 in Conjurations
  1219 | D:2      | Reached skill level 5 in Earth Magic
  1219 | D:2      | Reached XP level 5. HP: 38/38 MP: 3/9
  1224 | D:2      | Learned a level 4 spell: Brom's Barrelling Boulder
  2164 | D:3      | Found a broken altar of Ashenzari.
  2164 | D:3      | Found a glowing silver altar of Zin.
  2288 | D:3      | Noticed Natasha
  2288 | D:3      | Noticed Sigmund
  2296 | D:3      | Killed Natasha
  2297 | D:3      | Reached XP level 6. HP: 39/44 MP: 6/10
  2301 | D:3      | Killed Sigmund
  2302 | D:3      | Reached skill level 6 in Earth Magic
  2302 | D:3      | Reached XP level 7. HP: 24/51 MP: 2/12
  3043 | D:3      | Noticed Natasha
  3046 | D:3      | Killed Natasha
  3202 | D:4      | Noticed a water moccasin
  3210 | D:4      | Killed a water moccasin
  3353 | D:4      | Reached skill level 7 in Earth Magic
  3568 | D:4      | Upgraded the game from 0.31-a0-1412-g7b7c7d10e1 to
                  | 0.31-a0-1439-g542172135e
  3570 | D:4      | Reached XP level 8. HP: 60/60 MP: 12/14
  4008 | D:4      | Found a staircase to the Ecumenical Temple.
  4032 | Temple   | Found a transporter.
  4032 | Temple   | Found a transporter.
  4032 | Temple   | Found a transporter.
  4032 | Temple   | Found a transporter.
  4032 | Temple   | Entered the Ecumenical Temple
  4063 | D:4      | Learned a level 4 spell: Petrify
  4255 | D:4      | Reached skill level 1 in Shields
  4519 | D:3      | Noticed Natasha
  4521 | D:3      | Killed Natasha
  4572 | D:5      | Entered Level 5 of the Dungeon
  4578 | D:5      | Reached skill level 8 in Earth Magic
  4943 | D:5      | Reached XP level 9. HP: 66/66 MP: 13/16
  5092 | D:5      | Found a basalt altar of Yredelemnul.
  5186 | D:5      | Reached skill level 5 in Spellcasting
  5340 | D:5      | Reached skill level 5 in Fighting
  5469 | D:5      | Reached skill level 9 in Earth Magic
  5614 | D:6      | Found an ancient bone altar of Kikubaaqudgha.
  5650 | D:6      | Found a shimmering blue altar of Sif Muna.
  5731 | D:6      | Reached skill level 5 in Conjurations
  5789 | D:6      | Found a shimmering altar of Xom.
  5859 | D:6      | Reached skill level 1 in Armour
  6244 | D:7      | Reached skill level 10 in Earth Magic
  6340 | D:7      | Reached XP level 10. HP: 73/76 MP: 12/17
  6344 | D:7      | Reached skill level 5 in Shields
  7473 | D:9      | Reached skill level 11 in Earth Magic
  7825 | D:9      | Found a runed translucent gate.
  7825 | D:9      | Found a runed translucent gate.
  7826 | D:9      | Found a runed translucent gate.
  7853 | D:9      | Found Kooschueg's Armour Shoppe.
  8033 | D:9      | Found Qaegiam's Book Emporium.
  8208 | D:9      | Found Hejuciw's Jewellery Emporium.
  8258 | D:9      | Found Qibutol's Book Emporium.
  8448 | D:9      | Noticed leebro123's ghost (journeyman OpSh)
  8467 | D:10     | Entered Level 10 of the Dungeon
  8483 | D:10     | Noticed a kobold demonologist
  8490 | D:10     | Noticed a kobold demonologist
  8498 | D:10     | Killed a kobold demonologist
  8500 | D:10     | Killed a kobold demonologist
  8624 | D:10     | Noticed a molten gargoyle
  8691 | D:10     | Noticed a two-headed ogre
  8832 | D:10     | Killed a two-headed ogre
  8833 | D:10     | Reached skill level 5 in Armour
  8833 | D:10     | Reached skill level 12 in Earth Magic
  8833 | D:10     | Reached XP level 11. HP: 84/84 MP: 10/18
  8878 | D:10     | Found Peof's General Store.
  8921 | D:10     | Bought a scroll of fog for 56 gold pieces
  8921 | D:10     | Bought a scroll of identify for 28 gold pieces
  8921 | D:10     | Bought a scroll of identify for 28 gold pieces
  8998 | D:10     | Found a transporter.
  9000 | D:10     | Noticed a two-headed ogre
  9000 | D:10     | Noticed Bizboz's ghost (journeyman DjAl)
  9000 | D:10     | Noticed a two-headed ogre
  9001 | D:10     | Noticed a two-headed ogre
  9002 | D:10     | Identified the +1 great mace "Goblinbane" {drain, Dex+3}
  9002 | D:10     | Identified the +8 great mace "Busigi" {spect, Int+4}
  9002 | D:10     | Noticed a two-headed ogre
  9074 | D:10     | Found a radiant altar of Vehumet.
  9741 | D:10     | Reached skill level 13 in Earth Magic
  9992 | D:10     | Found a hide-covered altar of Uskayaw.
 10004 | D:10     | Found a stormy altar of Qazlal.
 10048 | D:10     | Noticed a two-headed ogre
 10052 | D:10     | Killed a two-headed ogre
 10082 | D:10     | Found a transporter.
 10172 | D:10     | Found an opulent altar of Gozag.
 10176 | D:10     | Found a snail-covered altar of Cheibriados.
 10176 | D:10     | Noticed a two-headed ogre
 10177 | D:10     | Found a sacrificial altar of Ru.
 10194 | D:10     | Killed a two-headed ogre
 10312 | D:10     | Found a hazy altar of Hepliaklqana.
 10319 | D:10     | Became a worshipper of Cheibriados the Contemplative
 10491 | D:10     | Reached skill level 1 in Invocations
 10783 | D:11     | Noticed a cyclops
 10783 | D:11     | Noticed a red ugly thing
 10785 | D:11     | Noticed a manticore
 10789 | D:10     | Killed a red ugly thing
 10950 | D:11     | Reached XP level 12. HP: 94/94 MP: 14/19
 11033 | D:11     | Noticed a two-headed ogre
 11040 | D:11     | Killed a two-headed ogre
 11134 | D:11     | Noticed a death yak
 11134 | D:11     | Noticed a death yak
 11135 | D:11     | Noticed a death yak
 11138 | D:11     | Reached skill level 14 in Earth Magic
 11145 | D:11     | Noticed Sonja
 11224 | D:11     | Noticed a boulder beetle
 11283 | D:11     | Noticed Fannar
 11303 | D:11     | Killed Sonja
 11316 | D:11     | Killed a boulder beetle
 11374 | D:11     | Reached skill level 5 in Invocations
 11499 | D:11     | Upgraded the game from 0.31-a0-1439-g542172135e to
                  | 0.31-a0-1458-g2f8d4710b4
 11528 | D:11     | Killed Fannar
 11531 | D:11     | You fall into a shaft and drop 1 floor!
 11714 | D:12     | Found a staircase to the Orcish Mines.
 11736 | D:12     | Reached * piety under Cheibriados
 11976 | D:12     | Found Gaskyvi's Weapon Shop.
 12000 | D:12     | Noticed a fire dragon
 12006 | D:12     | Killed a fire dragon
 12444 | D:12     | Noticed a boulder beetle
 12454 | D:12     | Noticed Lodul
 12458 | D:12     | Killed a boulder beetle
 12469 | D:12     | Reached skill level 10 in Shields
 12478 | D:12     | Killed Lodul
 12494 | D:12     | Reached XP level 13. HP: 36/101 MP: 2/20
 12930 | D:9      | Bought the Notes on Iron Spellbinding for 532 gold pieces
 12936 | D:9      | Learned a level 5 spell: Lee's Rapid Deconstruction
 13013 | D:9      | Killed leebro123's ghost
 13014 | D:9      | Reached skill level 15 in Earth Magic
 13110 | D:11     | Found a portal to a secret trove of treasure.
 13398 | D:11     | Found a staircase to the Lair.
 13435 | D:11     | Reached ** piety under Cheibriados
 13922 | D:12     | Reached skill level 10 in Fighting
 14001 | D:12     | Slain by a death yak

Illustrated notes

Levels and vault maps discovered:
D:1:      matt_arrival_diagonals, layout_rooms,
          hellmonk_ecumenical_altar_lost_god, grunt_decor_resistance
D:2:      layout_loops_ring, kennysheep_generic_room_12
D:3:      layout_loops_corners, gammafunk_temple_overflow_elements,
          nicolae_figureground_pulse, uniq_natasha, uniq_sigmund
D:4:      layout_gridville, temple_statues
D:5:      layout_basic, kennysheep_mini, minmay_misc_feat_plants,
          amethyst_killhole, lexackson_kobold_supper
D:6:      layout_rooms, old_standard_altar, mainiacjoe_overflow_brackets,
          kennysheep_little_box
D:7:      layout_rooms
D:8:      layout_cave_pools, serial_co_window_serial,
          co_window_of_opportunity_a, co_window_paths_b, co_window_paths_b,
          co_window_of_opportunity_a, co_window_paths_b, co_window_broadway_b,
          co_window_corner_b, co_window_unsneaky_path_d, co_window_sun,
          glass_columns_a, nrook_mini_vaults
D:9:      layout_basic, ebering_ghost_rock_garden, serial_shops,
          nicolae_shop_back_alley_shop, nicolae_shop_hallway_plus, shop,
          nicolae_shop_back_alley_shop
D:10:     layout_basic, fiery_altar_vehumet, amethyst_overflow_temple_binary,
          mainiacjoe_overflow_alcove_3, serial_shops, shop,
          gammafunk_ghost_smash, minivault_8
D:11:     layout_rooms, dpeg_lair_monsters, nicolae_trove_entry_columns,
          uniq_fannar, uniq_sonja
D:12:     lemuel_troll_bridge, layout_loops_ring, orc_david_3, uniq_snorg,
          uniq_lodul
Temple:   hellmonk_temple_divided_pantheon

Skill      XL: |  1  2  3  4  5  6  7  8  9 10 11 12 13 |
---------------+----------------------------------------+-----
Alchemy        | 2 |  2.0
Earth Magic    | 4 5 6 7 8 10 12 13 14 15 | 15.2
Fighting       | 1 2 3 4 5 7 8 9 10 | 10.0
Spellcasting   | 3 4 5 |  5.0
Conjurations   | 1 2 3 5 |  5.0
Shields        | 2 4 7 8 10 | 10.0
Armour         | 2 5 6 7 8 |  8.3
Invocations    | 2 6 8 |  8.2
Dodging        | |  1.7
Stealth        | |  2.4

Action                     |  1- 3 |  4- 6 |  7- 9 | 10-12 | 13-15 || total
---------------------------+-------+-------+-------+-------+-------++-------
  Melee: Unarmed           |    19 |       |       |       |       ||    19
         Trident           |     6 |       |       |       |       ||     6
         Dagger            |     4 |       |       |    51 |    31 ||    86
         Short sword       |       |       |     4 |    42 |       ||    46
  Throw: Dart              |       |       |       |     2 |       ||     2
         Throwing net      |       |       |       |     1 |       ||     1
   Cast: Sandblast         |    51 |    53 |   193 |   222 |    34 ||   553
         Stone Arrow       |       |       |     1 |    33 |     7 ||    41
         Brom's Barrelling |       |       |       |    13 |       ||    13
         Petrify           |       |       |       |     3 |     1 ||     4
         Passwall          |       |       |       |     2 |     3 ||     5
         Lee's Rapid Decon |       |       |       |       |     2 ||     2
Ability: Dig               |       |       |       |     2 |     1 ||     3
         Shaft Self        |       |       |       |     1 |       ||     1
  Evoke: Wand              |       |       |       |     2 |       ||     2
    Use: Scroll            |       |       |     6 |     8 |     1 ||    15
         Potion            |       |       |       |     1 |     3 ||     4
   Stab: Sleeping          |     1 |       |       |     1 |       ||     2
         Petrified         |       |       |       |     8 |     4 ||    12
         Paralysed         |       |       |       |     3 |       ||     3
 Armour: Robe              |    28 |       |       |       |       ||    28
         Leather armour    |     7 |    17 |    24 |       |       ||    48
         Steam dragon scal |       |       |    31 |    99 |       ||   130
         Fire dragon scale |       |       |       |    13 |    55 ||    68
  Dodge: Dodged            |    39 |    14 |    50 |    79 |    12 ||   194
         Repelled          |       |       |       |     1 |       ||     1
  Block: Kite shield       |       |       |    52 |   144 |    35 ||   231

Table legend: (Time is in decaauts)
 A = Elapsed time spent in this place.
 B = Non-inter-level travel time spent in this place.
 C = Inter-level travel time spent in this place.
 D = Time resting spent in this place.
 E = Time spent auto-exploring this place.
 F = Levels seen in this place.
 G = Mean time per level.
                   A        B        C        D        E       F      G
               +--------+--------+--------+--------+--------+-----+--------+
         Total |  14795 |  13953 |    842 |   2606 |   8478 |  13 | 1138.1 |
       Dungeon |  14794 |  13952 |    842 |   2606 |   8478 |  12 | 1232.8 |
        Temple |      1 |      1 |      0 |      0 |      0 |   1 |    1.0 |
               +--------+--------+--------+--------+--------+-----+--------+

Top non-repeatable levels by time:
    D:10: 2530 daAuts
     D:9: 1578 daAuts
    D:12: 1572 daAuts
    D:11: 1490 daAuts
     D:3: 1426 daAuts
     D:4: 1345 daAuts
     D:2: 1036 daAuts
     D:5: 921 daAuts
     D:1: 848 daAuts
     D:8: 814 daAuts
     D:6: 618 daAuts
     D:7: 610 daAuts
  Temple: 1 daAuts
